 Dungeon Crawl Stone Soup version 0.27.0-1-g7a089689b8 (webtiles) character file.

Game seed: 9150182786250373188

5 ZenoRockbell the Insei (level 1, 0/16 HPs)
             Began as an Octopode Monk on Aug 6, 2021.
             Frozen to death by an endoplasm (3 damage)
             ... on level 1 of the Dungeon.
             The game lasted 00:01:29 (233 turns).

ZenoRockbell the Insei (Octopode Monk)               Turns: 233, Time: 00:01:30

Health: 0/16       AC:  1    Str: 10    XL:     1   Next: 80%
Magic:  1/1        EV: 14    Int: 12    God:
Gold:   11         SH:  0    Dex: 14    Spells: 0/0 levels left

rFire    . . .     SeeInvis .     - Unarmed
rCold    . . .     Faith    .   (no shield)
rNeg     . . .     Spirit   .   (helmet restricted)
rPois    .         Reflect  .   (no amulet)
rElec    .         Harm     .   (no ring)
rCorr    .         Rampage  .   (no ring)
Will     .....                  (no ring)
Stlth    +++.......             (no ring)
HPRegen  0.05/turn              (no ring)
MPRegen  0.07/turn              (no ring)
                                (no ring)
                                (no ring)

@: no status effects
A: almost no armour, amphibious, 8 rings, camouflage 1, gelatinous body 1,
(nimble swimmer 1), tentacles
a: no special abilities


You were on level 1 of the Dungeon.
You visited 1 branch of the dungeon, and saw 1 of its levels.

You collected 11 gold pieces.

Inventory:

Potions
 a - 2 potions of berserk rage


   Skills:
 * Level 3.1 Fighting
 * Level 3.1 Dodging
 - Level 2.7 Stealth
 * Level 3.1 Unarmed Combat


You couldn't memorise any spells.
You didn't know any spells.
Your spell library was empty.

Dungeon Overview and Level Annotations

Branches:
Dungeon (1/15)

Altars:


Innate Abilities, Weirdness & Mutations

You cannot wear most types of armour.
You are amphibious.
You can wear up to eight rings at the same time.
Your skin changes colour to match your surroundings (Stealth+).
Your rubbery body absorbs attacks. (AC +1, EV +1)
((You are camouflaged near water. (Stealth+)))
You have tentacles for arms and can constrict up to eight enemies at once.


Message History

You barely miss the goblin. You grab the goblin.
The goblin is moderately wounded.
You constrict the goblin. The bat hits you but does no damage. x2
The goblin misses you.
An endoplasm comes into view.
The endoplasm quivers.
You tentacle-slap the goblin.
You kill the goblin!
The bat misses you. x2
You barely miss the frilled lizard. Your grab misses the frilled lizard.
The bat closely misses you. x2
The frilled lizard completely misses you.
You closely miss the frilled lizard. You grab the frilled lizard.
You constrict the frilled lizard. The bat barely misses you.
The bat closely misses you.
The frilled lizard completely misses you.
You tentacle-slap the frilled lizard but do no damage.
You constrict the frilled lizard. The bat hits you. The bat closely misses you.
The bat hits you but does no damage. The frilled lizard bites you.
You tentacle-slap the frilled lizard.
You kill the frilled lizard!
The bat hits you but does no damage. The bat barely misses you.
The goblin closely misses you.
You tentacle-slap the bat but do no damage.
You grab the bat. Your squeeze misses the bat.
The bat is moderately wounded.
You constrict the bat. The bat hits you. x2; The bat escapes!
The goblin barely misses you. The bat closely misses you. The bat hits you.
The goblin barely misses you. The endoplasm freezes you.
You are frozen.
* * * LOW HITPOINT WARNING * * *
Things that are here:
a +1 dagger of venom; a goblin corpse You miss the bat.
You grab the bat. Your squeeze misses the bat. You constrict the bat.
The bat hits you but does no damage. The bat barely misses you.
The bat escapes!
The goblin closely misses you. The endoplasm freezes you.
You are frozen.
You die...

.)............###...#
......#...###.#.....#
......#'#.# #.#.....#
......#<#.# #. .....##
......#'#.# #. ......#
......#...# #.##..##.###
..........###...b.......
.....(.........J........
................@.......
.......#####....gb......
####.....#...#..##......
####.......###..##......
.......>.....>...!.##...
.#..............##.# ...
............)....# .. ..
.................####..
#......................


You could see an endoplasm, a goblin and 2 bats.

Vanquished Creatures
  An endoplasm (D:1)
  2 goblins (D:1)
  A frilled lizard (D:1)
  A kobold (D:1)
5 creatures vanquished.

Notes
Turn   | Place    | Note
-------+----------+-------------------------------------------
     0 | D:1      | ZenoRockbell the Octopode Monk began the quest for the Orb.
     0 | D:1      | Reached XP level 1. HP: 16/16 MP: 1/1
   233 | D:1      | Frozen to death by an endoplasm

Illustrated notes

Levels and vault maps discovered:
D:1:      dpeg_arrival_tiny_c, layout_rooms, grunt_decor_fettered, hex_tiny

Action                   || total
-------------------------++-------
Melee: Unarmed           ||    16
       Constrict         ||     6
       Tentacles         ||     1
  Use: Potion            ||     2
       Scroll            ||     1
 Stab: Sleeping          ||     2
Armor: Skin              ||     8
Dodge: Dodged            ||    27
